 Dungeon Crawl Stone Soup version 0.25-a0-424-g80bd347ae0 (webtiles) character file.

Game seed: 15019700355741924547, levelgen mode: deterministic

10882 Elellon the Thaumaturge (level 11, -6/62 HPs)
             Began as a Deep Elf Conjurer on Jan 23, 2020.
             Was a Priest of Vehumet.
             Shot with an arrow by a centaur (8 damage)
             ... on level 11 of the Dungeon.
             The game lasted 00:45:31 (14138 turns).

Elellon the Thaumaturge (Deep Elf Conjurer)        Turns: 14138, Time: 00:45:31

Health: -6/62      AC:  5    Str:  6    XL:     11   Next: 42%
Magic:  39/53      EV: 16    Int: 23    God:    Vehumet [***...]
Gold:   551        SH:  4    Dex: 15    Spells: 22/35 levels left

rFire    . . .     SeeInvis .   Q - staff of power
rCold    . . .     Gourm    .   F - +0 buckler (curse)
rNeg     . . .     Faith    .   a - +0 robe
rPois    .         Spirit   .   h - +0 hat
rElec    .         Reflect  .   E - +0 cloak
rCorr    .         Harm     .   x - +0 pair of gloves
MR       ++...                  i - +0 pair of boots
Stlth    ++........             (no amulet)
HPRegen  0.20/turn              b - ring of protection from magic
MPRegen  0.33/turn              C - ring of magical power

@: about to teleport
A: no striking features
a: Renounce Religion


You were on level 11 of the Dungeon.
You worshipped Vehumet.
Vehumet was most pleased with you.
You were not hungry.

You visited 2 branches of the dungeon, and saw 12 of its levels.

You collected 563 gold pieces.
You spent 12 gold pieces at shops.

Inventory:

Armour
 a - a +0 robe (worn)
 h - a +0 hat (worn)
 i - a +0 pair of boots (worn)
 x - a +0 pair of gloves (worn)
 E - a +0 cloak (worn)
 F - a cursed +0 buckler (worn)
Magical Staves
 Q - an uncursed staff of power (weapon)
Jewellery
 b - a ring of protection from magic (left hand)
 e - an uncursed ring of poison resistance
 j - an uncursed ring of poison resistance
 B - an uncursed ring of fire
 C - a ring of magical power (right hand)
 K - an uncursed ring of ice
Wands
 q - a wand of acid (5)
 r - a wand of flame (11)
 t - a wand of random effects (45)
 u - a wand of disintegration (16)
Scrolls
 d - 3 scrolls of enchant weapon
 f - 7 scrolls of teleportation
 l - 2 scrolls of magic mapping
 p - 2 scrolls of immolation
 w - 2 scrolls of noise {unknown}
 y - a scroll of enchant armour {unknown}
 z - a scroll of fear {unknown}
 G - 3 scrolls of remove curse
 H - 2 scrolls of fog
 J - a scroll of amnesia {unknown}
 N - 3 scrolls of identify
 O - a scroll of acquirement {unknown}
Potions
 g - 2 potions of ambrosia {unknown}
 k - 3 potions of heal wounds {unknown}
 m - 4 potions of curing {unknown}
 n - 2 potions of magic {unknown}
 o - 2 potions of lignification {unknown}
 s - 3 potions of brilliance {unknown}
 A - a potion of invisibility {unknown}
 D - 2 potions of haste {unknown}
 I - 2 potions of berserk rage {unknown}
 L - a potion of resistance {unknown}
 M - a potion of flight {unknown}
Comestibles
 c - 19 rations
 v - 2 chunks of flesh


   Skills:
 + Level 4.8 Fighting
 + Level 1.2 Staves
 - Level 7.0 Dodging
 - Level 2.4 Stealth
 - Level 2.2 Shields
 + Level 12.5 Spellcasting
 - Level 12.3 Conjurations
 + Level 3.9 Hexes
 + Level 5.0 Translocations
 + Level 3.3 Fire Magic


You had 22 spell levels left.
You knew the following spells:

 Your Spells              Type           Power        Failure   Level  Hunger
a - Magic Dart            Conj           ####         1%          1    None
b - Searing Ray           Conj           ######       1%          2    None
c - Dazzling Flash        Conj/Hex       ######       1%          3    None
d - Iskenderun's Mystic   Conj/Tloc      ######..     1%          4    None
e - Conjure Flame         Conj/Fire      ######..     1%          3    None

Your spell library contained the following spells:

 Spells                   Type           Power        Failure   Level  Hunger
 Corona                   Hex            ####...      1%          1    None
 Freeze                   Ice            ##..         1%          1    None
 Slow                     Hex            ####....     1%          2    None
 Inner Flame              Hex/Fire       ####....     1%          3    None
 Fulminant Prism          Conj/Hex       ######....   1%          4    None
 Portal Projectile        Hex/Tloc       #####.       2%          3    None
 Shroud of Golubria       Chrm/Tloc      ####..       3%          2    None
 Infusion                 Chrm           ##..         5%          1    None
 Spectral Weapon          Hex/Chrm       ###.....     7%          3    None
 Song of Slaying          Chrm           ##......     9%          2    None
 Cause Fear               Hex            ####......   11%         4    None
 Ozocubu's Armour         Chrm/Ice       ##......     16%         3    None
 Leda's Liquefaction      Hex/Erth       ###.......   24%         4    None
 Metabolic Englaciation   Hex/Ice        ###.......   54%         5    ###....
 Excruciating Wounds      Chrm/Necr      ##........   83%         5    ###....
 Ring of Flames           Chrm/Fire      ###.......   100%        7    ######.


Dungeon Overview and Level Annotations

Branches:
Dungeon (11/15)            Temple (1/1) D:5            Lair (0/6) D:11
    Orc (0/2) D:11

Altars:
Ashenzari
Cheibriados
Dithmenos
Elyvilon
Fedhas
Gozag
Hepliaklqana
Kikubaaqudgha
Makhleb
Qazlal
Sif Muna
Trog
Vehumet
Wu Jian
Xom
Yredelemnul
Zin
The Shining One
Beogh

Shops:
D:7 =   D:8 **

Annotations:
D:2 Terence
D:10 1 runed translucent door, Urug; anything's ghost, journeyman OpMo
D:11 Fannar


Message History

You see here an arrow.
The centaur shoots an arrow.
The arrow hits you!
You see here an arrow.
The centaur shoots an arrow.
The arrow hits you.
The centaur shoots an arrow.
The arrow hits you!
* * * LOW HITPOINT WARNING * * *
You see here 2 arrows.
As you read the scroll of teleportation, it crumbles to dust.
You feel strangely unstable. The yak gores you!
* * * LOW HITPOINT WARNING * * *
Casting: Iskenderun's Mystic Blast (safe; 1% risk of failure)
Confirm with . or Enter, or press ? or * to list all spells.
You erupt in a blast of force!
The mystic blast hits the yak!
The yak is moderately wounded.
The yak is knocked back by the mystic blast.
The mystic blast hits the yak!
The yak is moderately wounded.
The yak is knocked back by the mystic blast.
The centaur shoots an arrow.
The arrow hits you!
You die...

# #......#.....#.##########.....
####...>.)#.....#.##........†#..#
#.........#########..####..(###.#
...#######..........###....## #.#
..## #.#..##.....#.....## #.# ###
#....#.............###.. .#
##....†....cc.......>#### .#
#...........c........# # .###
#.......@..Y..(......# # ...#
#........((..........# # ##.##
##........Y..(.......# # ##..#
#......(((...........# # ###.#
#...................###.. # #.#
#............#...^....... # #.#
##.....######.........#.. # #.#
##...## ###............ # #.#
###..###...............


You could see 2 yaks and 3 centaurs.

Vanquished Creatures
  Gastronok (D:10)
  2 two-headed ogres
  Nergalle (D:10)
  A wizard (D:9)
  A deep elf mage (D:11)
  Maurice (D:8)
  Grinder (D:4)
  4 hippogriffs
  A wyvern (D:9)
  2 yaks (D:11)
  A basilisk (D:11)
  2 hungry ghosts
  6 orc warriors
  3 phantoms
  2 sky beasts
  2 ice beasts
  A necrophage (D:10)
  4 ogres
  5 centaurs
  A crocodile (D:10)
  2 big kobolds
  Blork the orc (D:4)
  7 bullfrogs
  5 scorpions
  4 wights (D:7)
  2 howler monkeys (D:7)
  7 crimson imps
  2 bullfrog zombies
  3 hounds
  A quasit (D:7)
  3 bullfrog skeletons
  4 orc priests
  A jelly (D:9)
  4 orc wizards
  Natasha (thrice) (D:3)
  4 worker ants
  Ijyb (D:3)
  A hound zombie (D:11)
  A hound skeleton (D:10)
  2 worker ant zombies (D:7)
  A howler monkey skeleton (D:7)
  5 adders
  2 shadow imps
  2 oozes
  An adder zombie (D:7)
  An adder skeleton (D:5)
  5 worms
  2 leopard geckos
  28 orcs
  4 ball pythons
  11 bats
  7 giant cockroaches
  2 gnoll zombies (D:7)
  12 goblins
  8 hobgoblins
  9 jackals
  3 quokkas
  3 frilled lizards
  A jackal skeleton (D:5)
  15 kobolds
  A quokka zombie (D:5)
  11 rats
234 creatures vanquished.

Notes
Turn   | Place    | Note
-------+----------+-------------------------------------------
     0 | D:1      | Elellon the Deep Elf Conjurer began the quest for the Orb.
     0 | D:1      | Reached XP level 1. HP: 10/10 MP: 6/6
   168 | D:1      | Reached XP level 2. HP: 15/15 MP: 1/8
   771 | D:1      | Reached XP level 3. HP: 19/19 MP: 5/10
  1654 | D:2      | Reached skill level 5 in Spellcasting
  1860 | D:2      | Found a white marble altar of Elyvilon.
  2060 | D:3      | Reached skill level 5 in Conjurations
  2084 | D:3      | Noticed Natasha
  2090 | D:3      | Killed Natasha
  2090 | D:3      | Reached XP level 4. HP: 24/24 MP: 5/13
  2414 | D:3      | Reached XP level 5. HP: 28/28 MP: 2/16
  2530 | D:3      | Noticed Terence
  2604 | D:2      | HP: 1/28 [Terence/+3 flail of protection (11)]
  2907 | D:2      | Learned a level 2 spell: Searing Ray
  2911 | D:2      | Learned a level 3 spell: Dazzling Flash
  2939 | D:3      | Noticed Natasha
  2942 | D:3      | Killed Natasha
  3027 | D:3      | Found a bloodstained altar of Trog.
  3132 | D:3      | Noticed Natasha
  3151 | D:3      | Killed Natasha
  3668 | D:3      | Found a hazy altar of Hepliaklqana.
  3669 | D:3      | Found a shimmering altar of Xom.
  3669 | D:3      | Noticed an insubstantial wisp
  3670 | D:3      | Noticed a spectral ugly thing
  3670 | D:3      | Noticed an insubstantial wisp
  3676 | D:3      | Noticed Ijyb
  3682 | D:3      | Killed Ijyb
  3682 | D:3      | Reached XP level 6. HP: 32/32 MP: 10/18
  4058 | D:4      | Noticed Grinder
  4245 | D:4      | Paralysed by Grinder for 5 turns
  4545 | D:4      | Killed Grinder
  4545 | D:4      | Reached XP level 7. HP: 36/36 MP: 9/20
  4658 | D:4      | Noticed Blork the orc
  4663 | D:4      | Killed Blork the orc
  5463 | D:5      | Entered Level 5 of the Dungeon
  5469 | D:5      | Learned a level 4 spell: Iskenderun's Mystic Blast
  5679 | D:5      | Found a staircase to the Ecumenical Temple.
  5686 | Temple   | Entered the Ecumenical Temple
  5693 | Temple   | Became a worshipper of Vehumet
  6586 | D:6      | Reached XP level 8. HP: 41/41 MP: 18/23
  7013 | D:6      | Found a shattered altar of Ashenzari.
  7342 | D:6      | Reached * piety under Vehumet
  7342 | D:6      | Offered knowledge of Freeze by Vehumet.
  7498 | D:6      | Reached skill level 10 in Spellcasting
  7812 | D:6      | Reached skill level 10 in Conjurations
  8303 | D:7      | Reached XP level 9. HP: 46/46 MP: 20/25
  8345 | D:7      | Reached skill level 1 in Fighting
  8768 | D:7      | Reached ** piety under Vehumet
  8768 | D:7      | Offered knowledge of Sandblast by Vehumet.
  8998 | D:7      | Found Nixkibri's Jewellery Emporium.
  9182 | D:7      | Found an opulent altar of Gozag.
  9184 | D:7      | Found a snail-covered altar of Cheibriados.
  9300 | D:7      | Found a basalt altar of Yredelemnul.
  9469 | D:8      | Noticed a two-headed ogre
  9477 | D:8      | Killed a two-headed ogre
  9477 | D:8      | Reached skill level 1 in Shields
  9818 | D:8      | Reached skill level 1 in Translocations
 10012 | D:8      | Found Gackit's General Store.
 10099 | D:8      | Found Puepiq's General Store.
 10099 | D:8      | Noticed Maurice
 10116 | D:8      | Killed Maurice
 10116 | D:8      | Reached skill level 5 in Dodging
 10116 | D:8      | Reached XP level 10. HP: 46/56 MP: 19/27
 10167 | D:8      | Bought a potion of degeneration for 12 gold pieces
 10633 | D:9      | Found a hazy altar of Hepliaklqana.
 10709 | D:9      | Noticed a two-headed ogre
 10718 | D:9      | Killed a two-headed ogre
 10889 | D:9      | Noticed a wizard
 11061 | D:9      | Killed a wizard
 11482 | D:9      | Identified Ymeteori's Almanac of Snow and Protection
 11620 | D:9      | Found a shadowy altar of Dithmenos.
 11678 | D:10     | Entered Level 10 of the Dungeon
 11854 | D:10     | Offered knowledge of Conjure Flame by Vehumet.
 11859 | D:10     | Learned a level 3 spell: Conjure Flame
 12018 | D:10     | Found a runed translucent door.
 12018 | D:10     | Found a shimmering altar of Xom.
 12018 | D:10     | Noticed anything's ghost (journeyman OpMo)
 12019 | D:10     | Noticed a +2 war axe of chaos
 12127 | D:10     | Noticed Gastronok
 12131 | D:10     | Reached skill level 1 in Hexes
 12309 | D:10     | Killed Gastronok
 12309 | D:10     | Reached XP level 11. HP: 37/62 MP: 13/29
 12500 | D:10     | Noticed Urug
 13018 | D:10     | Noticed Nergalle
 13026 | D:10     | Killed Nergalle
 13443 | D:11     | Found a staircase to the Orcish Mines.
 13454 | D:11     | Found a roughly hewn altar of Beogh.
 13531 | D:11     | Reached *** piety under Vehumet
 13728 | D:11     | Noticed a deep elf mage
 13823 | D:11     | Killed a deep elf mage
 13912 | D:11     | Found a staircase to the Lair.
 13913 | D:11     | Noticed Fannar
 14060 | D:11     | Reached skill level 1 in Staves
 14133 | D:11     | Reached skill level 5 in Translocations
 14137 | D:11     | HP: 2/62 [yak (8)]
 14138 | D:11     | Shot with an arrow by a centaur

Levels and vault maps discovered:
D:1:      matt_arrival_diagonals, layout_basic, minmay_bisected
D:2:      layout_rooms, elyvilon_altar_4, glass_columns_a
D:3:      wad_river_or_something, layout_loops_cross,
          regret_index_temple_of_mockery, old_standard_altar,
          minmay_misc_feat_ornament, uniq_ijyb, uniq_natasha, uniq_terence
D:4:      layout_loops_corners, serial_bayou_ford_a, minmay_misc_feat_x,
          st_stairs_12, kennysheep_small_square, uniq_grinder,
          uniq_blork_the_orc
D:5:      layout_loops_ring, minmay_temple_entry_mist, first_ration,
          minmay_misc_feat_chi, kennysheep_generic_room_13
D:6:      layout_loops_corners, lemuel_round_altar
D:7:      layout_rooms, lemuel_zombie_altar_yredelemnul,
          grunt_temple_overflow_open, serial_shops, shop, minivault_23
D:8:      layout_basic, serial_shops, shop_coins, kennysheep_little_box,
          uniq_maurice
D:9:      layout_basic, lemuel_coloured_pillars_altar, basic_altar
D:10:     layout_loops_ring, ebering_ghost_xom, uniq_urug, uniq_nergalle,
          uniq_gastronok
D:11:     layout_rooms, david_lair_shrubbed, minmay_orc_entry_temple_small,
          uniq_fannar, uniq_harold
Temple:   cyrus_circular_temple

Skill      XL: |  1  2  3  4  5  6  7  8  9 10 11 |
---------------+----------------------------------+-----
Spellcasting   | 4 5 6 7 8 9 10 11 12 | 12.5
Conjurations   | 5 6 8 10 11 12 | 12.3
Dodging        | 3 5 6 7 |  7.0
Fighting       | 3 4 |  4.8
Shields        | 1 2 |  2.2
Translocations | 1 4 5 |  5.0
Hexes          | 2 3 |  3.9
Fire Magic     | 2 3 |  3.3
Staves         | 1 |  1.2
Stealth        | |  2.4

Action                   |  1- 3 |  4- 6 |  7- 9 | 10-12 || total
-------------------------+-------+-------+-------+-------++-------
Melee: Dagger            |       |       |       |     2 ||     2
 Cast: Magic Dart        |    99 |    85 |   120 |   100 ||   404
       Searing Ray       |       |    13 |    61 |    54 ||   128
       Iskenderun's Myst |       |       |    12 |    34 ||    46
       Dazzling Flash    |       |       |     1 |       ||     1
  Use: Scroll            |       |     8 |     1 |     4 ||    13
 Stab: Sleeping          |       |       |       |     1 ||     1
  Eat: Chunk             |     3 |     7 |    18 |     9 ||    37
       Ration            |       |       |       |     1 ||     1
Armor: Robe              |     5 |     4 |     3 |    14 ||    26
Dodge: Dodged            |     1 |    13 |    14 |    36 ||    64
Block: Buckler           |       |       |     1 |    12 ||    13

Table legend:
 A = Non-vault XP
 B = Vault XP
 C = Vault XP percentage of total XP
 D = Non-vault monster count
 E = Vault monster count
 F = Vault count percentage of total count
                 A         B        C        D         E       F
            +---------+---------+-------+---------+---------+-------
      Total |   10975 |    4572 |  29.4 |     204 |      30 |  12.8
            +---------+---------+-------+---------+---------+-------
        D:1 |      57 |       4 |   6.6 |      34 |       3 |   8.1
        D:2 |      28 |       0 |   0.0 |      13 |       0 |   0.0
        D:3 |     125 |     202 |  61.8 |      22 |      11 |  33.3
        D:4 |     179 |     361 |  66.9 |       8 |       2 |  20.0
        D:5 |     352 |      41 |  10.4 |      13 |       1 |   7.1
        D:6 |    1068 |       0 |   0.0 |      24 |       0 |   0.0
        D:7 |    1478 |       4 |   0.3 |      31 |       2 |   6.1
        D:8 |    1267 |     480 |  27.5 |       5 |       1 |  16.7
        D:9 |    3135 |       0 |   0.0 |      22 |       0 |   0.0
       D:10 |    1579 |    3115 |  66.4 |      19 |       2 |   9.5
       D:11 |    1707 |     365 |  17.6 |      13 |       8 |  38.1
            +---------+---------+-------+---------+---------+-------
